 Dungeon Crawl Stone Soup version 0.25-a0-510-ge065f6de7d (webtiles) character file.

Game seed: 11894755358138270862, levelgen mode: deterministic

58106 LSt the Lord of Darkness (level 14, -10/111 HPs)
             Began as a Mummy Necromancer on Feb 11, 2020.
             Was the Champion of Kikubaaqudgha.
             Mangled by an unseen horror (11 damage)
             ... on level 13 of the Dungeon on Feb 15, 2020.
             The game lasted 04:23:02 (31038 turns).

LSt the Lord of Darkness (Mummy Necromancer)       Turns: 31038, Time: 04:23:02

Health: -10/111    AC:  6    Str: 16    XL:     14   Next: 48%
Magic:  5/30       EV: 33    Int: 20    God:    Kikubaaqudgha [******]
Gold:   1236       SH:  0    Dex: 14    Spells: 6/37 levels left

rFire    . . .     SeeInvis .   n - staff of death
rCold    + . .     Gourm    .   (no shield)
rNeg     + + +     Faith    .   w - +0 robe {rF+}
rPois    ∞         Spirit   .   E - +1 helmet
rElec    .         Reflect  .   D - scarf {cloud immunity}
rCorr    .         Harm     .   p - +0 pair of gloves of Fortitude {Str+3 Int+2 Slay+2} (curse)
MR       +....                  T - +0 pair of boots
Stlth    +++.......             h - amulet of the acrobat
HPRegen  0.28/turn              v - +2 ring of dexterity
MPRegen  0.22/turn              (no ring)

@: death channel, acrobat, very slightly contaminated
A: no food or potions, fire vulnerability, cold resistance 1, negative energy
resistance 3, torment resistance, unbreathing, in touch with death 1
a: Receive Corpses, Torment, Brand Weapon With Pain, Receive Necronomicon,
Renounce Religion


You were on level 13 of the Dungeon.
You worshipped Kikubaaqudgha.
Kikubaaqudgha was exalted by your worship.
You were not hungry.

You visited 3 branches of the dungeon, and saw 20 of its levels.

You collected 1236 gold pieces.

Inventory:

Hand Weapons
 a - the +5 quarterstaff "Utoygyw" {pain, rPois Dex+7}
   (You found it on level 7 of the Dungeon)

   In the hands of one skilled in necromantic magic, it inflicts extra damage on
   living creatures.
   It affects your dexterity (+7).
   It protects you from poison.
 b - a +0 hunting sling
 d - a +0 hand crossbow
 g - a +5 spear of venom
 m - a +0 shortbow
 J - a +0 flail of protection
 O - the +5 quarterstaff "Tecs" {vorpal, *Rage rPois SInv}
   (You found it on level 3 of the Lair of Beasts)

   It inflicts extra damage upon your enemies.
   It protects you from poison.
   It lets you see invisible.
   It may make you go berserk in combat.
Missiles
 f - 12 curare-tipped darts
 j - 274 arrows
 q - 96 sling bullets
 u - 477 stones (quivered)
 y - 166 bolts
 A - a boomerang of dispersal
 B - 7 datura-tipped darts
 C - 25 poisoned darts
 G - 4 throwing nets
 I - 6 javelins
Armour
 e - +0 steam dragon scales
 p - the cursed +0 pair of gloves of Fortitude (worn) {Str+3 Int+2 Slay+2}
   (You found it on level 12 of the Dungeon)

   It affects your strength (+3).
   It affects your intelligence (+2).
   It affects your accuracy and damage with ranged weapons and melee attacks
   (+2).
   If you remove this armour, your AC will decrease by 1 (6 -> 5).
   It has a curse placed upon it.
 w - a +0 robe of fire resistance (worn)
 D - a scarf of cloud immunity (worn)
 E - a +1 helmet (worn)
 N - a +2 robe of magic resistance
 T - a +0 pair of boots (worn)
 V - +0 acid dragon scales
Magical Staves
 n - an uncursed staff of death (weapon)
Jewellery
 h - an amulet of the acrobat (around neck)
 l - an uncursed amulet of faith {unknown}
 v - a +2 ring of dexterity (left hand)
Wands
 c - a wand of disintegration (15)
 o - a wand of acid (8)
 L - a wand of iceblast (29)
 P - a wand of digging (9)
 R - a wand of flame (12)
 X - a wand of scattershot (8)
 Y - a wand of enslavement (19)
Scrolls
 i - 12 scrolls of identify
 k - 2 scrolls of immolation
 r - 8 scrolls of magic mapping
 s - 2 scrolls of fear
 t - 7 scrolls of teleportation
 x - 2 scrolls of amnesia
 F - 6 scrolls of remove curse
 M - 2 scrolls of enchant armour
 Q - 2 scrolls of fog
 S - 3 scrolls of noise
 U - a scroll of vulnerability
 W - a scroll of enchant weapon
Miscellaneous
 H - a box of beasts
 K - a phial of floods


   Skills:
 + Level 10.4 Fighting
 - Level 6.6 Staves
 - Level 9.2 Dodging
 - Level 6.0 Stealth
 - Level 12.2 Spellcasting
 + Level 15.1 Necromancy
 - Level 3.0 Earth Magic


You had 6 spell levels left.
You knew the following spells:

 Your Spells              Type           Power        Failure   Level  Hunger
a - Pain                  Necr           ####         0%          1    N/A
b - Animate Skeleton      Necr           N/A          0%          1    N/A
c - Vampiric Draining     Necr           ########..   1%          3    N/A
d - Animate Dead          Necr           N/A          1%          4    N/A
e - Agony                 Necr           ########     1%          5    N/A
f - Corpse Rot            Necr/Air       N/A          1%          2    N/A
g - Borgnjor's Vile Clut  Necr/Erth      #######...   3%          5    N/A
h - Death Channel         Necr           ########..   1%          6    N/A
i - Dispel Undead         Necr           ########     1%          4    N/A

Your spell library contained the following spells:

 Spells                   Type           Power        Failure   Level  Hunger
 Excruciating Wounds      Chrm/Necr      #######...   7%          5    N/A
 Confusing Touch          Hex            ##......     17%         3    N/A
 Gell's Gravitas          Tloc           ##........   17%         3    N/A
 Petrify                  Tmut/Erth      ###.....     30%         4    N/A
 Irradiate                Conj/Tmut      ##........   83%         5    N/A
 Metabolic Englaciation   Hex/Ice        ##........   83%         5    N/A
 Yara's Violent Unravell  Hex/Tmut       ##........   83%         5    N/A
 Statue Form              Tmut/Erth      Unusable     N/A         6    N/A
 Hydra Form               Tmut           Unusable     N/A         6    N/A
 Dragon Form              Tmut           Unusable     N/A         7    N/A

Dungeon Overview and Level Annotations

Branches:
Dungeon (13/15)            Temple (1/1) D:5            Lair (6/6) D:8
  Swamp (0/4) Lair:3        Snake (0/4) Lair:2        Slime (0/5) Lair:6
    Orc (0/2) D:11
 Vaults: D:13-14

Altars:
Ashenzari
Cheibriados
Dithmenos
Elyvilon
Fedhas
Gozag
Hepliaklqana
Kikubaaqudgha
Makhleb
Nemelex Xobeh
Okawaru
Qazlal
Ru
Sif Muna
Trog
Uskayaw
Vehumet
Wu Jian
Xom
Yredelemnul
Zin
The Shining One
Beogh
Jiyva

Shops:
D:8 (   D:10 (

Annotations:
D:2 Sigmund
D:5 2 transporters, anet's ghost, novice DEWz
D:13 Nessos


Innate Abilities, Weirdness & Mutations

You do not eat or drink.
Your flesh is vulnerable to fire.
You are immune to poison.
Your flesh is cold resistant. (rC+)
You are immune to negative energy. (rN+++)
You are immune to unholy pain and torment.
You can survive without breathing.
You are in touch with the powers of death.


Message History

Okay, then.
Press: ? - help, v - describe, . - travel The floor.
Blink to where?
Press: ? - help, Dir - move target cursor
As you read the scroll of blinking, it crumbles to dust.
A two-headed ogre comes into view.
It is wielding a +0 giant club and a +0 giant spiked club.
Found an inky potion.
The two-headed ogre shouts in stereo!
You hear two shouts!
A komodo dragon comes into view.
Found a thick jewelled staff.
The two-headed ogre closely misses you. The two-headed ogre misses you.
A two-headed ogre comes into view. It is wielding two +0 giant clubs.
Something completely misses you. Something closely misses you.
Deactivating autopickup; reactivate with Ctrl-A.
You hit something.
Something writhes in agony!
Something hits you.
* * * LOW HITPOINT WARNING * * *
Something completely misses you. Something hits you!
You die...
Kikubaaqudgha rasps: "You have failed me!
Welcome... oblivion!"

........# #.#
........# #.#
.#O#....# #%#
#..!...# #.#
##.#....# #.#
........# #.#
.#.#.#lO# #.#
.....#..# #.# #
|.####@.# #.# # .
#.)# #.# # #..#
#.# # #..#
#.##########
#..####...........
#.......##########
#.......# #
#.####..# # #.
#..# #


You could see a two-headed ogre and a komodo dragon.

Vanquished Creatures
  2 entropy weavers (Lair:6)
  10 hydras
  A death yak (Lair:5)
  A two-headed ogre (D:12)
  Urug (Lair:1)
  Nergalle (Lair:2)
  Sonja (D:10)
  An orc knight (D:11)
  A deep elf mage (D:12)
  A manticore (D:12)
  5 elephants
  5 black mambas
  Psyche (D:10)
  7 spiny frogs
  4 rime drakes
  2 komodo dragons
  6 polar bears
  2 trolls
  15 dream sheep
  9 hippogriffs
  11 blink frogs
  A bog body (Lair:3)
  A vampire (D:11)
  21 yaks
  3 hogs (D:7)
  4 wyverns (Lair:4)
  9 basilisks
  A steam dragon (Lair:6)
  A hungry ghost (D:13)
  5 hell hounds (Lair:6)
  13 soldier ants (Lair:6)
  An acid dragon (D:12)
  18 water moccasins
  3 porcupines (Lair:2)
  5 orc warriors
  2 eyes of draining
  8 ice beasts
  A phantom (D:4)
  4 ogres
  2 sky beasts
  A necrophage (D:10)
  10 wolves
  3 centaurs
  6 crocodiles
  18 bullfrogs
  2 gnoll sergeants (D:10)
  3 scorpions
  A water moccasin skeleton (D:6)
  7 wights
  14 killer bees
  8 electric eels
  5 crimson imps
  5 howler monkeys
  A lava snake (Lair:6)
  A centaur zombie (D:10)
  2 hounds
  3 jellies
  A quasit (D:11)
  6 orc priests
  A bullfrog zombie (D:10)
  A bullfrog skeleton (D:9)
  A centaur skeleton (D:12)
  Terence (D:3)
  4 iguanas
  Natasha (thrice) (D:3)
  8 orc wizards
  19 worker ants
  3 bullfrog simulacra (D:9)
  A hound skeleton (D:6)
  A killer bee simulacrum (D:9)
  A worker ant zombie (D:8)
  Robin (D:3)
  9 adders
  8 gnolls
  A howler monkey skeleton (D:9)
  2 river rats (Lair:3)
  A hound simulacrum (D:9)
  3 white imps (D:9)
  An ufetubus (D:9)
  An ooze (D:5)
  3 dart slugs
  7 leopard geckos
  60 orcs
  3 ball pythons
  6 bats
  5 giant cockroaches
  15 goblins
  6 hobgoblins
  10 jackals
  7 kobolds
  2 quokkas
  5 frilled lizards
  A quokka zombie (D:5)
  8 rats
  2 fungi (Lair:3)
  2 plants (D:6)
500 creatures vanquished.

Vanquished Creatures (collateral kills)
  A fire dragon (Lair:6)
  Harold (D:8)
  5 hydras
  3 two-headed ogres
  A queen ant (Lair:6)
  A lindwurm (Lair:6)
  7 elephants
  2 molten gargoyles (Lair:6)
  4 spiny frogs
  3 rime drakes
  2 komodo dragons
  3 polar bears (Lair:2)
  4 dream sheep
  Grinder (D:3)
  2 blink frogs (Lair:1)
  5 hippogriffs
  Prince Ribbit (D:7)
  3 yaks
  9 basilisks
  A human (D:7)
  4 wyverns
  A steam dragon (Lair:6)
  5 nagas (Lair:2)
  A water moccasin (Lair:4)
  12 soldier ants (Lair:6)
  An orc warrior (D:11)
  5 wolves
  A centaur (D:9)
  2 crocodiles
  Blork the orc (D:5)
  A bullfrog (Lair:1)
  2 wights
  An electric eel (Lair:6)
  4 lava snakes (Lair:6)
  An orc priest (D:11)
  2 orc wizards
  7 worker ants (Lair:6)
  A gnoll (D:7)
  A river rat (Lair:3)
  An ufetubus (D:9)
  4 orcs
  A goblin (D:1)
  12 fungi
  5 plants
135 creatures vanquished.

Vanquished Creatures (others)
  8 fungi
  6 plants
14 creatures vanquished.

Grand Total: 649 creatures vanquished

Notes
Turn   | Place    | Note
-------+----------+-------------------------------------------
     0 | D:1      | LSt the Mummy Necromancer began the quest for the Orb.
     0 | D:1      | Reached XP level 1. HP: 13/13 MP: 4/4
     2 | D:1      | Learned a level 1 spell: Animate Skeleton
    31 | D:1      | Reached XP level 2. HP: 12/19 MP: 0/5
   295 | D:1      | Reached skill level 1 in Fighting
   728 | D:1      | Reached XP level 3. HP: 26/26 MP: 5/7
   733 | D:1      | Learned a level 3 spell: Vampiric Draining
   930 | D:2      | Noticed Sigmund
   992 | D:2      | You fall into a shaft and drop 2 floors!
  1159 | D:3      | Noticed Natasha
  1165 | D:3      | Killed Natasha
  1165 | D:3      | Reached skill level 5 in Necromancy
  1288 | D:3      | Noticed Natasha
  1298 | D:3      | Killed Natasha
  1298 | D:3      | Reached XP level 4. HP: 32/32 MP: 3/8
  1304 | D:3      | Learned a level 4 spell: Animate Dead
  1360 | D:3      | Noticed Robin
  1993 | D:3      | Killed Robin
  2146 | D:3      | Noticed Terence
  2150 | D:3      | Killed Terence
  2150 | D:3      | Reached skill level 6 in Necromancy
  2150 | D:3      | Reached XP level 5. HP: 37/37 MP: 5/9
  2265 | D:3      | Noticed Grinder
  2278 | D:3      | Paralysed by Grinder for 3 turns
  2279 | D:3      | Killed Grinder
  2279 | D:3      | Reached skill level 7 in Necromancy
  2279 | D:3      | Reached XP level 6. HP: 29/43 MP: 8/10
  2410 | D:3      | Found an ornate altar of the Wu Jian Council.
  2412 | D:3      | Found a hazy altar of Hepliaklqana.
  2412 | D:3      | Found a shimmering altar of Xom.
  2414 | D:3      | Found a stormy altar of Qazlal.
  2414 | D:3      | Found a sacrificial altar of Ru.
  2414 | D:3      | Found a sparkling altar of Nemelex Xobeh.
  2534 | D:3      | Found a bloodstained altar of Trog.
  2598 | D:3      | Noticed Natasha
  2607 | D:3      | Killed Natasha
  2813 | D:2      | Found a stormy altar of Qazlal.
  2892 | D:2      | Found a faded altar of an unknown god.
  3642 | D:2      | Found an opulent altar of Gozag.
  3649 | D:2      | Found a sparkling altar of Nemelex Xobeh.
  3752 | D:3      | Found a shattered altar of Ashenzari.
  4279 | D:4      | Reached XP level 7. HP: 46/51 MP: 4/11
  4902 | D:4      | Reached skill level 8 in Necromancy
  5109 | D:5      | Entered Level 5 of the Dungeon
  5287 | D:5      | Found a staircase to the Ecumenical Temple.
  5374 | D:5      | Noticed Blork the orc
  5382 | D:5      | Killed Blork the orc
  5480 | Temple   | Entered the Ecumenical Temple
  5715 | Temple   | Became a worshipper of Kikubaaqudgha
  6029 | D:5      | Found a transporter.
  6214 | D:5      | Found a transporter.
  6223 | D:5      | Noticed anet's ghost (novice DEWz)
  6761 | D:6      | Reached XP level 8. HP: 31/61 MP: 9/14
  7085 | D:6      | Reached skill level 5 in Fighting
  7266 | D:6      | Reached skill level 9 in Necromancy
  7297 | D:6      | Found a glowing silver altar of Zin.
  7297 | D:6      | Found a shimmering blue altar of Sif Muna.
  7309 | D:6      | Found a blossoming altar of Fedhas.
  8275 | D:6      | Learned a level 5 spell: Agony
  8769 | D:7      | Found a shadowy altar of Dithmenos.
  8805 | D:7      | Identified the +5 quarterstaff "Utoygyw" {pain, rPois
                  | Dex+7} (You found it on level 7 of the Dungeon)
  8932 | D:7      | Reached XP level 9. HP: 54/71 MP: 14/16
  8943 | D:7      | Reached skill level 5 in Spellcasting
  9850 | D:8      | Noticed a two-headed ogre
  9919 | D:8      | Reached skill level 1 in Staves
  9991 | D:8      | Noticed Harold
 10003 | D:8      | Killed Harold
 10003 | D:8      | Reached * piety under Kikubaaqudgha
 10003 | D:8      | Identified Kikubaaqudgha's Collected Works on Dark Magic
                  | (Kikubaaqudgha gifted it to you on level 8 of the Dungeon)
 10003 | D:8      | Received a gift from Kikubaaqudgha
 10154 | D:7      | Reached skill level 10 in Necromancy
 10240 | D:8      | Noticed Prince Ribbit
 10386 | D:7      | Killed Prince Ribbit
 10837 | D:8      | Found a glowing golden altar of the Shining One.
 10870 | D:8      | Noticed a two-headed ogre
 11082 | D:8      | Reached XP level 10. HP: 74/79 MP: 17/17
 11529 | D:8      | Killed a two-headed ogre
 11758 | D:8      | Learned a level 2 spell: Corpse Rot
 12099 | D:8      | Found Abargh's Antique Weapon Shoppe.
 12387 | D:8      | Reached skill level 5 in Staves
 12604 | D:8      | Killed a two-headed ogre
 12637 | D:8      | Found a sacrificial altar of Ru.
 12637 | D:8      | Found a burning altar of Makhleb.
 12696 | D:8      | Found a staircase to the Lair.
 12909 | Lair:1   | Entered Level 1 of the Lair of Beasts
 12909 | Lair:1   | Noticed Urug
 12912 | Lair:1   | Noticed a four-headed hydra
 12934 | Lair:1   | Killed Urug
 12934 | Lair:1   | Reached skill level 11 in Necromancy
 14091 | D:9      | Reached ** piety under Kikubaaqudgha
 14468 | D:9      | Reached skill level 5 in Dodging
 14468 | D:9      | Reached XP level 11. HP: 64/84 MP: 11/20
 16004 | Lair:1   | Killed a four-headed hydra
 16056 | Lair:1   | Noticed an eight-headed hydra
 16069 | Lair:1   | Killed an eight-headed hydra
 16173 | Lair:1   | Reached skill level 12 in Necromancy
 16622 | Lair:1   | Noticed a six-headed hydra
 16636 | Lair:1   | Killed a six-headed hydra
 17228 | Lair:2   | Noticed a seven-headed hydra
 17233 | Lair:2   | Killed a seven-headed hydra
 17310 | Lair:2   | Found a shattered altar of Ashenzari.
 17352 | Lair:2   | Reached *** piety under Kikubaaqudgha
 17352 | Lair:2   | Identified Kikubaaqudgha's Collected Works on Dark Rituals
                  | (Kikubaaqudgha gifted it to you on level 2 of the Lair of
                  | Beasts)
 17352 | Lair:2   | Received a gift from Kikubaaqudgha
 17359 | Lair:2   | Upgraded the game from 0.25-a0-489-g9ae84a01e3 to
                  | 0.25-a0-503-ge281fa673e
 17365 | Lair:2   | Learned a level 5 spell: Borgnjor's Vile Clutch
 17578 | Lair:2   | Found a staircase to the Snake Pit.
 17747 | Lair:2   | Reached XP level 12. HP: 78/92 MP: 19/22
 17840 | Lair:2   | Reached skill level 1 in Earth Magic
 17947 | Lair:2   | Noticed Nergalle
 17983 | Lair:2   | Killed Nergalle
 19336 | Lair:3   | Identified the +5 quarterstaff "Tecs" {vorpal, *Rage rPois
                  | SInv} (You found it on level 3 of the Lair of Beasts)
 19583 | Lair:3   | Learned a level 6 spell: Death Channel
 19741 | Lair:3   | Reached skill level 10 in Spellcasting
 19761 | Lair:3   | Noticed a four-headed hydra
 19985 | Lair:3   | Found a staircase to the Swamp.
 20029 | Lair:3   | Killed a four-headed hydra
 20213 | Lair:3   | Learned a level 4 spell: Dispel Undead
 20276 | Lair:3   | Reached skill level 13 in Necromancy
 21096 | Lair:4   | Reached **** piety under Kikubaaqudgha
 21427 | Lair:4   | Reached skill level 14 in Necromancy
 21664 | Lair:4   | Noticed a six-headed hydra
 21675 | Lair:4   | Killed a six-headed hydra
 21907 | Lair:4   | Gained mutation: You are in touch with the powers of death.
                  | [Mummy growth]
 21907 | Lair:4   | Reached XP level 13. HP: 73/98 MP: 3/27
 22988 | Lair:5   | Reached ***** piety under Kikubaaqudgha
 23926 | Lair:6   | Entered Level 6 of the Lair of Beasts
 24111 | Lair:6   | Found a viscous altar of Jiyva.
 24112 | Lair:6   | Found a staircase to the Slime Pits.
 24790 | Lair:6   | Found a large runed translucent door.
 24859 | Lair:6   | Noticed a fire dragon
 24984 | Lair:6   | Reached skill level 5 in Stealth
 25001 | Lair:6   | Found a large runed translucent door.
 25027 | Lair:6   | Killed a fire dragon
 25047 | Lair:6   | Upgraded the game from 0.25-a0-503-ge281fa673e to
                  | 0.25-a0-510-ge065f6de7d
 25292 | Lair:6   | Noticed an entropy weaver
 25292 | Lair:6   | Noticed an entropy weaver
 25300 | Lair:6   | Killed an entropy weaver
 25612 | Lair:6   | Reached XP level 14. HP: 91/108 MP: 23/29
 25842 | Lair:6   | Reached ****** piety under Kikubaaqudgha
 26311 | Lair:6   | Killed an entropy weaver
 26432 | Lair:6   | Identified the +9 glaive of Amortisation {holy, Fragile
                  | Dex+5} (You found it on level 6 of the Lair of Beasts)
 26895 | D:10     | Entered Level 10 of the Dungeon
 27138 | D:10     | Noticed Sonja
 27143 | D:10     | Killed Sonja
 27519 | D:10     | Noticed Psyche
 27526 | D:10     | Killed Psyche
 27603 | D:10     | Found Uluit's Antique Weapon Shoppe.
 28649 | D:11     | Reached skill level 10 in Fighting
 28655 | D:11     | Found a roughly hewn altar of Beogh.
 28655 | D:11     | Found a staircase to the Orcish Mines.
 29373 | D:12     | Identified the cursed +0 pair of gloves of Fortitude {Str+3
                  | Int+2 Slay+2} (You found it on level 12 of the Dungeon)
 29450 | D:12     | Reached skill level 15 in Necromancy
 31002 | D:13     | Noticed Nessos
 31022 | D:13     | HP: 1/111 [Nessos/arrow (9)]
 31037 | D:13     | HP: 1/111 [something (4)]
 31038 | D:13     | Mangled by an unseen horror

Levels and vault maps discovered:
D:1:      dpeg_arrival_oval, layout_rooms, corexii_hall_statues_x
D:2:      layout_loops_ring, grunt_temple_overflow_opulence,
          overflow_temple_1_default, chequers_ecumenical_altar_simple,
          chequers_serial_rivers_room_b, kennysheep_path_1, uniq_sigmund
D:3:      layout_basic, doesnt_xom_only_xom, old_standard_altar,
          nicolae_overflow_hidden_temple, uniq_grinder, uniq_natasha,
          uniq_terence, uniq_robin
D:4:      layout_loops_cross, first_ration
D:5:      layout_cave_pools, temple_doors_cd, gammafunk_ghost_gnarly_gnolls,
          uniq_blork_the_orc
D:6:      layout_basic, gammafunk_temple_overflow_claw, serial_bayou,
          serial_bayou_lagoon_a, serial_bayou_crossing, serial_bayou_lagoon_b,
          serial_bayou_pond_c
D:7:      layout_basic, kennysheep_mini, grunt_livestock
D:8:      layout_basic, amethyst_overflow_temple_binary, tso_altar,
          dpeg_oklobed_lair, serial_shops, shop, nrook_loot_triangle,
          minmay_holes, uniq_prince_ribbit1, uniq_harold
D:9:      layout_basic, serial_ice, serial_ice_i, serial_ice_n, serial_ice_c,
          serial_ice_d, serial_ice_e, serial_ice_m, serial_ice_h, serial_ice_a,
          serial_ice_b, serial_ice_g, lemuel_another_geyser
D:10:     layout_basic, serial_shops, shop, uniq_sonja, uniq_psyche
D:11:     layout_irregular_city, david_orc_5, small_statue_intersection
D:12:     layout_long_grid
D:13:     layout_long_grid, david_vaults_2, nicolae_trove_entry_crystal,
          uniq_nessos
Temple:   jpeg_temple_island
Lair:1:   layout_chaotic_city, uniq_urug
Lair:2:   layout_regular_city, minmay_snake_entry_guardpost_medium, basic_altar,
          cheibrodos_lair_lostbears, grunt_megastairs_5, lemuel_fruit_fields,
          uniq_nergalle
Lair:3:   layout_regular_city, skrybe_swamp_entry_bodies, pond,
          grunt_megastairs_4, serial_bayou_shore_b, serial_bayou_shore_b,
          infiniplex_staircase_pool_2
Lair:4:   layout_cave_pods, special_room [special_room_mythical_zoo],
          grunt_megastairs_1
Lair:5:   layout_hall_layers, hangedman_lair_generics_rect
Lair:6:   cheibrodos_lair_end_hotspot, layout_gridlike,
          dpeg_slime_entry_enclosed_altar, minivault_29,
          infiniplex_staircase_pool

Skill      XL: |  1  2  3  4  5  6  7  8  9 10 11 12 13 14 |
---------------+-------------------------------------------+-----
Fighting       | 1 2 4 6 7 9 10 | 10.4
Spellcasting   | 3 4 5 6 7 10 11 12 | 12.2
Necromancy     | 5 6 7 8 9 10 11 12 14 15 | 15.1
Dodging        | 2 3 5 6 7 8 9 |  9.2
Stealth        | 2 3 4 5 6 |  6.0
Staves         | 4 6 |  6.6
Earth Magic    | 3 |  3.0

Action                   |  1- 3 |  4- 6 |  7- 9 | 10-12 | 13-15 || total
-------------------------+-------+-------+-------+-------+-------++-------
Melee: Unarmed           |    16 |       |       |       |       ||    16
       Dagger            |     1 |    10 |       |       |       ||    11
       Staff             |       |     5 |       |       |     3 ||     8
       Mace              |       |    42 |    26 |       |       ||    68
       Whip              |       |       |   105 |       |       ||   105
       Quarterstaff      |       |       |    69 |   369 |   293 ||   731
 Fire: Hunting sling     |       |    30 |    16 |    50 |    42 ||   138
Throw: Stone             |     4 |     8 |     3 |    15 |    18 ||    48
       Boomerang         |       |       |     5 |       |       ||     5
       Dart              |       |       |     1 |       |       ||     1
 Cast: Pain              |    43 |    94 |   171 |   149 |     1 ||   458
       Animate Skeleton  |     2 |    14 |    16 |     8 |       ||    40
       Vampiric Draining |       |     2 |     8 |     8 |       ||    18
       Animate Dead      |       |     4 |    14 |    49 |    38 ||   105
       Agony             |       |       |     4 |    13 |       ||    17
       Borgnjor's Vile C |       |       |       |    42 |    78 ||   120
       Dispel Undead     |       |       |       |     2 |       ||     2
       Death Channel     |       |       |       |     1 |    23 ||    24
Invok: Receive Corpses   |       |       |       |     7 |     3 ||    10
  Use: Scroll            |       |     3 |     5 |     5 |    10 ||    23
 Stab: Sleeping          |       |       |       |     3 |     8 ||    11
       Distracted        |       |       |       |     2 |     7 ||     9
Armor: Robe              |     1 |    27 |    35 |    55 |    21 ||   139
Dodge: Dodged            |    17 |    91 |   203 |   353 |   233 ||   897

Table legend:
 A = Non-vault XP
 B = Vault XP
 C = Vault XP percentage of total XP
 D = Non-vault monster count
 E = Vault monster count
 F = Vault count percentage of total count
                 A         B        C        D         E       F
            +---------+---------+-------+---------+---------+-------
      Total |   48482 |   34527 |  41.6 |     412 |     202 |  32.9
            +---------+---------+-------+---------+---------+-------
        D:1 |      43 |       0 |   0.0 |      15 |       0 |   0.0
        D:2 |      59 |       0 |   0.0 |      30 |       0 |   0.0
        D:3 |     101 |     292 |  74.3 |      15 |      10 |  40.0
        D:4 |     414 |       2 |   0.5 |      32 |       1 |   3.0
        D:5 |     244 |      62 |  20.3 |      12 |       1 |   7.7
        D:6 |    1210 |       0 |   0.0 |      30 |       0 |   0.0
        D:7 |     926 |    1129 |  54.9 |      15 |       6 |  28.6
        D:8 |    2961 |     761 |  20.4 |      36 |       1 |   2.7
        D:9 |    1679 |    2777 |  62.3 |      27 |      23 |  46.0
       D:10 |    1146 |    1218 |  51.5 |      17 |       3 |  15.0
       D:11 |    1119 |    1084 |  49.2 |      17 |      22 |  56.4
       D:12 |    6011 |       0 |   0.0 |      33 |       0 |   0.0
       D:13 |     653 |       0 |   0.0 |       4 |       0 |   0.0
     Lair:1 |    5953 |     667 |  10.1 |      29 |       1 |   3.3
     Lair:2 |    3330 |    2186 |  39.6 |      17 |      11 |  39.3
     Lair:3 |    6676 |     829 |  11.0 |      19 |       9 |  32.1
     Lair:4 |    3580 |    8226 |  69.7 |      12 |      35 |  74.5
     Lair:5 |    3847 |    2407 |  38.5 |      13 |       6 |  31.6
     Lair:6 |    8530 |   12887 |  60.2 |      39 |      73 |  65.2
            +---------+---------+-------+---------+---------+-------
